 BcadrenCrawl: Boulder Brew version 0.05.21-20-g362d93150f (webtiles) character file.

Game seed: 14179486245702699574, levelgen mode: deterministic

4227 Lanoc the Cleaver (level 10, -3/88 HPs) Hill Orc Demonspawn. Began on July 7, 2021. Was a Follower of Beogh. Slain by a wight ... wielding a cursed +3 trident {(Curse: rF-)} (4 damage) ... on level 4 of the Dungeon. The game lasted 00:10:14 (3278 turns).

Lanoc the Cleaver (Hill Orc Demonspawn)             Turns: 3278, Time: 00:10:15

Health: -3/88      AC: 11    Str: 29    XL:     10 ^: 3188
Magic:  4/4        EV: 13    Int: 12    God:    Beogh [1* [37]]
Gold:   822        SH:  0    Dex: 17    Spells: 10/11 levels left

rFire    . . .     Vision   +   a - +8 Wrath of Trog {antimagic, *Rage}
rCold    + . .     Gourm    .   (also wielding the above weapon)
rNeg     . . .     Faith    .   B - +0 chain mail of Chimes {Dex+5}
rCorr    . . .     Spirit   .   (no helmet)
rPois    +         Reflect  .   w - scarf {cloud immunity}
rElec    .         Harm     .   (no gloves)
MR       .....     Rnd*Rage +   (no boots)
Stlth    ..........             (no amulet)
HPRegen  0.39/turn              g - ring of strength
MPRegen  0.14/turn              n - ring of strength

@: berserk cooldown, slowed, drained, very slow
A: antennae, slimy green scales, cold resistance 1, nightstalker 1
a: Renounce Religion


You were on level 4 of the Dungeon.
You worshipped Beogh.
Beogh was aware of your devotion.
You were not hungry.

You visited 2 branches of the dungeon, and saw 5 of its levels.

You collected 822 gold pieces.

Inventory:

Weapons
 a - the +8 Wrath of Trog (weapon) {antimagic, *Rage}
   (You acquired it on level 1 of the Dungeon)

   It reduces the magical energy of the wielder, and disrupts the spells and
   magical abilities of those hit.
   Natural abilities and divine invocations are not affected.
   It may make you go berserk in combat.
   Shields
 z - a +1 heater shield of reflection
Armour
 w - a scarf of cloud immunity (worn)
 B - the +0 chain mail of Chimes (worn) {Dex+5}
   (You found it on level 4 of the Dungeon)

   It affects your dexterity (+5).
Jewellery
 g - a ring of strength (left hand)
 n - a ring of strength (right hand)
Wands
 y - a wand of flame (19)
 A - a wand of polymorph (2)
Scrolls
 c - 3 scrolls of bless item
 f - 2 scrolls of fear
 h - 4 scrolls of enchantment
 j - 6 scrolls of teleportation
 k - 5 scrolls of magic mapping
 q - a scroll of immolation
 r - a scroll of fog
 t - a scroll of blinking
Potions
 e - 2 potions of invisibility
 i - a potion of cure mutation
 l - 2 potions of heal wounds
 m - 2 potions of curing
 o - 2 potions of berserk rage
 p - a potion of resistance
 s - 2 potions of mutation
 u - a potion of poison
 v - a potion of amnesia
 x - a potion of brilliance
Comestibles
 d - 7 rations


   Skills:
 + Level 8.0(7.2) Fighting
 * Level 12.3(11.4) Axes & Hammers
 + Level 6.1(5.3) Dodging
 - Level 1.5(0.8) Stealth
 - Level 1.0(0.3) Spellcasting
 - Level 2.1(1.4) Fire Magic
 - Level 3.6(2.9) Invocations


You had 10 spell levels left.
You knew the following spells:

 Your Spells              Type           Power        Failure   Level  Hunger
a - Flame Tongue          Fire           3 (30)       41%         1    ##.....

Your spell library contained the following spells:

 Spells                   Type           Power        Failure   Level  Hunger
 Blink                    Tloc           N/A          77%         2    ###....
 Call Imp                 Summ           0 (100)      77%         2    ###....
 Slow                     Hex            0 (100)      77%         2    ###....
 Conjure Flame            Fire           3 (100)      78%         3    ####...
 Mephitic Cloud           Pois/Air       0 (100)      94%         3    ####...


Dungeon Overview and Level Annotations

Branches:
Dungeon (4/8)              Temple (1/1) D:4

Altars:
Ashenzari
Cheibriados
Dithmenos
Fedhas Madash
Gozag Ym Sagoz
Hepliaklqana
Kikubaaqudgha
Makhleb
Nemelex Xobeh
Okawaru
Qazlal
Vehumet
Xom
Yredelemnul
Zin
The Shining One

Annotations:
D:4 Prince Ribbit


Innate Abilities, Weirdness & Mutations

You have a pair of antennae on your head. (+Vis)
You are covered in slimy green scales. (rPois, AC +3)
You are cold resistant. (rC+)
You are slightly more attuned to the shadows.


Message History

* * * LOW HITPOINT WARNING * * *
You feel drained. The wight burns you (3).
* * * LOW HITPOINT WARNING * * *
The wight barely misses you (0). x3
The wight hits you with a cursed +2 long sword of molten steel {(Curse: rF-)} (3).
* * * LOW HITPOINT WARNING * * *
The wight burns you (3).
* * * LOW HITPOINT WARNING * * *
The wight barely misses you (0).
Items here: )) [[ a +0 halberd; a +0 robe; a +2 hammer of freezing; a +0 robe You slash the wight (10)!
The wight is severely damaged. (5/15) HP You slash the wight (16)!
You destroy the wight!
Beogh accepts your kill.
The wight hits you with a cursed +3 trident {(Curse: rF-)} (11)!
* * * LOW HITPOINT WARNING * * *
You feel drained.
You die...

###########################
#..........................
#..........................
#.........[†...............
#.........@z...........####
#........)####.........#
#.....†.÷.####.........####
#............[.........†...
#......####+###............
#......#......#............
#.....†#......########..†..
#.............. #.._..
#.........####. #.....


You could see a wight.

Vanquished Creatures
  Erica (D:4)
  A queen bee (D:4)
  Sigmund (D:3)
  2 guardian mummies (D:4)
  Purgy (D:2)
  2 water moccasins
  A black bear (D:4)
  A sky beast (D:4)
  2 crocodiles (D:2)
  3 big kobolds
  5 bullfrogs
  A howler monkey (D:4)
  15 killer bees (D:4)
  4 wights (D:4)
  A crimson imp (D:3)
  2 jellies (D:2)
  An orc wizard (D:4)
  2 iguanas (D:4)
  2 mummies (D:4)
  4 worker ants (D:3)
  8 giant cockroaches
  A bullfrog zombie (D:4)
  A porcupine zombie (D:4)
  A bullfrog skeleton (D:4)
  6 adders
  4 gnolls (D:4)
  29 sewer rats (D:2)
  3 white imps (D:4)
  3 cinder newts
  A worm (D:2)
  2 worker ant zombies (D:4)
  A howler monkey skeleton (D:3)
  4 oozes (D:2)
  A dart slug (D:1)
  A leopard gecko (D:2)
  7 orcs
  5 adder skeletons
  An adder zombie (D:4)
  5 ball pythons
  5 goblins (D:1)
  A hobgoblin (D:1)
  10 kobolds
  A quokka (D:4)
  5 bats
  2 bat skeletons (D:2)
  A leopard gecko zombie (D:4)
  A quokka skeleton (D:3)
  3 rats (D:1)
  2 giant blowflies (D:2)
  5 withered plants (D:2)
172 creatures vanquished.

Vanquished Creatures (others)
  An orc wizard (D:4)
  A bullfrog zombie (D:4)
  2 killer bee zombies (D:4)
  A leopard gecko (D:4)
  2 orcs (D:4)
  2 adder zombies (D:4)
  A kobold skeleton (D:2)
  A leopard gecko zombie (D:4)
  79 withered plants (D:2)
90 creatures vanquished.

Grand Total: 262 creatures vanquished

Notes
Turn   | Place    | Note
-------+----------+-------------------------------------------
     0 | D:1      | Lanoc the Hill Orc Demonspawn began the quest for the Orb.
     0 | D:1      | Reached XP level 1. HP: 16/16 MP: 3/3
   130 | D:1      | Reached skill level 3 in Axes & Hammers
   169 | D:1      | Gained mutation: You have a pair of antennae on your head.
                  | (+Vis) [demonic ancestry]
   169 | D:1      | Reached XP level 2. HP: 23/23 MP: 4/4
   204 | D:1      | Reached XP level 3. HP: 24/29 MP: 5/5
   226 | D:1      | Identified 2 scrolls of acquirement
   238 | D:1      | Found the +8 Wrath of Trog {antimagic, *Rage}
   245 | D:1      | Identified A Beginning Course on Spellcraft (You acquired
                  | it on level 1 of the Dungeon)
   463 | D:2      | Reached skill level 4 in Axes & Hammers
   463 | D:2      | Reached XP level 4. HP: 33/36 MP: 2/6
   476 | D:2      | Gained mutation: You are cold resistant. (rC+) [demonic
                  | ancestry]
   476 | D:2      | Reached XP level 5. HP: 39/42 MP: 2/7
   532 | D:2      | Reached skill level 5 in Axes & Hammers
   561 | D:2      | Gained mutation: You are covered in slimy green scales.
                  | (rPois, AC +3) [demonic ancestry]
   561 | D:2      | Reached XP level 6. HP: 38/51 MP: 2/8
   570 | D:2      | Reached skill level 6 in Axes & Hammers
   837 | D:2      | Noticed Purgy
   843 | D:2      | Reached XP level 7. HP: 58/58 MP: 3/9
   845 | D:2      | Killed Purgy
   846 | D:2      | Reached skill level 7 in Axes & Hammers
  1099 | D:2      | Reached skill level 8 in Axes & Hammers
  1099 | D:2      | Reached XP level 8. HP: 44/67 MP: 3/10
  1183 | D:2      | Found a glowing silver altar of Zin.
  1276 | D:2      | Reached skill level 5 in Fighting
  1880 | D:3      | Found a runed translucent door.
  2060 | D:3      | Noticed Sigmund
  2067 | D:3      | Killed Sigmund
  2067 | D:3      | Reached skill level 9 in Axes & Hammers
  2260 | D:3      | Found a blossoming altar of Fedhas.
  2377 | D:3      | Found a radiant altar of Vehumet.
  2378 | D:3      | Found a burning altar of Makhleb.
  2414 | D:4      | Connectivity tunneler affected minmay_ossuary_gauntlet.
  2498 | D:4      | Reached XP level 9. HP: 61/75 MP: 3/11
  2544 | D:4      | Identified the cursed ring of Linearity {*Tele *Contam +Inv
                  | Slay+3, (Curse: *Drain)}
  2586 | D:4      | Reached skill level 10 in Axes & Hammers
  2601 | D:4      | Reached skill level 5 in Dodging
  2650 | D:4      | Noticed Erica
  2659 | D:4      | Found a staircase to the Ecumenical Temple.
  2682 | Temple   | Entered the Ecumenical Temple
  2836 | D:4      | Killed Erica
  2836 | D:4      | Reached skill level 11 in Axes & Hammers
  3101 | D:4      | Became a worshipper of Beogh the Brigand
  3125 | D:4      | Found a shattered altar of Ashenzari.
  3128 | D:4      | Noticed Prince Ribbit
  3146 | D:4      | Identified the +0 chain mail of Chimes {Dex+5}
  3205 | D:4      | Gained mutation: You are slightly more attuned to the
                  | shadows. [demonic ancestry]
  3205 | D:4      | Reached XP level 10. HP: 85/85 MP: 4/12
  3210 | D:4      | Reached skill level 12 in Axes & Hammers
  3218 | D:4      | Reached * piety under Beogh
  3278 | D:4      | HP: 1/88 [wight/cursed +3 trident {(Curse: rF-)} (11)]
  3278 | D:4      | Slain by a wight

Levels and vault maps discovered:
D:1:      scummos_arrival_forest, layout_rooms, minmay_bent
D:2:      layout_sewer, zin_scriptorium, purgy_house
D:3:      layout_basic, grunt_temple_overflow_lords_of_destruction,
          first_ration, lemuel_altar_in_water, uniq_sigmund
D:4:      minmay_ossuary_gauntlet, layout_stronghold, minmay_temple_entry_wispy,
          basic_altar, hangedman_fish_farm, minivault_7, uniq_prince_ribbit1,
          uniq_pikel, uniq_erica, uniq_gastronok
Temple:   nicolae_temple_x_marks_the_god

Skill      XL: |  1  2  3  4  5  6  7  8  9 10 |
---------------+-------------------------------+-----
Axes & Hammers | 3 4 5 6 8 9 11 12 | 12.3
Fighting       | 2 3 4 6 7 8 |  8.0
Dodging        | 3 4 5 6 |  6.1
Stealth        | |  1.5
Spellcasting   | |  1.0
Fire Magic     | |  2.1
Invocations    | |  3.6

Action                   |  1- 3 |  4- 6 |  7- 9 | 10-12 || total
-------------------------+-------+-------+-------+-------++-------
Melee: War axe           |    26 |       |       |       ||    26
       Unarmed           |    14 |       |    32 |       ||    46
       Battleaxe         |     4 |    52 |   160 |    29 ||   245
Invok: Convert to Beogh  |       |       |     1 |       ||     1
  Use: Scroll            |     2 |       |       |       ||     2
       Potion            |       |       |       |     2 ||     2
 Stab: Sleeping          |     3 |       |     1 |       ||     4
  Eat: Chunk             |       |       |     9 |     1 ||    10
Armor: Leather armour    |     7 |     7 |    33 |       ||    47
       Chain mail        |       |       |     1 |    16 ||    17
Dodge: Dodged            |    23 |    38 |   150 |    40 ||   251
